 Dungeon Crawl Stone Soup version 0.23.2-1-ga50397a (webtiles) character file.

Game seed: 9814079855954710162

34 Kairos the Shield-Bearer (level 3, 29/29 HPs)
             Began as a Formicid Fighter on Apr 18, 2019.
             Quit the game on level 1 of the Dungeon.
             The game lasted 00:01:12 (944 turns).

Kairos the Shield-Bearer (Formicid Fighter)          Turns: 944, Time: 00:01:12

Health: 29/29      AC:  8    Str: 21    XL:     3   Next: 50%
Magic:  3/3        EV:  8    Int:  7    God:
Gold:   46         SH:  9    Dex: 10    Spells: 2/2 levels left

rFire    + . .     SeeInvis +   a - +0 long sword
rCold    x . .     Gourm    .   c - +0 shield
rNeg     . . .     Faith    .   b - +0 scale mail
rPois    .         Spirit   .   (helmet unavailable)
rElec    .         Reflect  .   g - +0 cloak
rCorr    .         Harm     .   (no gloves)
MR       .....                  (no boots)
Stlth    ..........             (no amulet)
HPRegen  0.09/turn              i - ring of fire
MPRegen  0.08/turn              (no ring)

@: no status effects
A: permanent stasis, dig shafts and tunnels, four strong arms, antennae 3
a: Dig, Shaft Self


You were on level 1 of the Dungeon.
You were not hungry.

You visited 1 branch of the dungeon, and saw 1 of its levels.

You collected 46 gold pieces.

Inventory:

Hand Weapons
 a - a +0 long sword (weapon)
Armour
 b - a +0 scale mail (worn)
 c - a +0 shield (worn)
 g - a +0 cloak (worn)
Jewellery
 i - a ring of fire (left hand)
Potions
 d - a potion of might
Comestibles
 f - 3 rations


   Skills:
 + Level 3.6 Fighting
 + Level 2.0 Long Blades
 + Level 3.7 Armour
 + Level 0.4 Dodging
 + Level 4.3 Shields


You had 2 spell levels left.
You didn't know any spells.
Your spell library was empty.

Dungeon Overview and Level Annotations

Branches:
Dungeon (1/15)

Altars:


Innate Abilities, Weirdness & Mutations

You cannot be hasted, slowed, berserked, paralysed or teleported.
You can dig through walls and to a lower floor.
Your four strong arms can wield two-handed weapons with a shield.
You have a pair of large antennae on your head. (SInv)


Message History

No target in view!
As you read the scroll labeled EMOYN PIXUT, it crumbles to dust.
You feel as if something is helping you.
It was a scroll of remove curse.
As you read the scroll labeled UHO OD JEL, it crumbles to dust.
You feel momentarily disoriented.
It was a scroll of magic mapping.
It was a potion of lignification.
You turn into a tree.
Your +0 cloak melds into your body.
Your +0 scale mail melds into your body.
Your roots penetrate the ground.
Unknown command.
You start waiting.
Your transformation is almost over.
You start waiting.
You feel less wooden.
Your +0 cloak unmelds from your body.
Your +0 scale mail unmelds from your body.
You start waiting.
Done waiting.
Are you sure you want to abandon this character and quit the game? (Confirm with "yes".)

'###.....# #...#'##...##.#..# #
..##.....# #........####.#..#####
#.##.....# ##.......# #.#.......
...##'#### #.......# #.#.###...
...##)## #.......# #.#.....##
.......#### #.......# ##.########
...##.....######'##.###..........
....#.........##.##.#.#.#.#.#.###
..#.#.........##@##.##.#.#.#..#
..#.#.........##....#.#.#.#.#.#
..#.#.........########.#<#.#..#
..#............# #.#.#.#.#.#
####..#...#....# ##.#.#.#..#
#.>.........# #.#.#.#.###
###########...# ##.#.#.#.#
#......# #...# ######### #......#
#...#


There were no monsters in sight!

Vanquished Creatures
  3 dart slugs (D:1)
  3 bats (D:1)
  2 giant cockroaches (D:1)
  A goblin (D:1)
  2 hobgoblins (D:1)
  6 jackals (D:1)
  2 frilled lizards (D:1)
  6 kobolds (D:1)
  2 rats (D:1)
27 creatures vanquished.

Notes
Turn   | Place    | Note
-------+----------+-------------------------------------------
     0 | D:1      | Kairos the Formicid Fighter began the quest for the Orb.
     0 | D:1      | Reached XP level 1. HP: 18/18 MP: 1/1
    72 | D:1      | Reached XP level 2. HP: 19/24 MP: 2/2
   266 | D:1      | Reached skill level 4 in Shields
   279 | D:1      | Reached XP level 3. HP: 21/29 MP: 3/3
   944 | D:1      | Quit the game

Skill      XL: |  1  2 |
---------------+-------+-----
Shields        | 4 |  4.3
Fighting       | |  3.6
Long Blades    | |  2.0
Armour         | |  3.7
Dodging        | |  0.4

Action                   || total
-------------------------++-------
Melee: Long sword        ||    84
  Use: Scroll            ||     2
       Potion            ||     1
Armor: Scale mail        ||    32
Dodge: Dodged            ||    44
Block: Shield            ||    59
       Rpst.: Long sword ||    15
